[Event "ICC tourney 1983 (45 10)"]
[Site "Internet Chess Club"]
[Date "2020.08.29"]
[Round "5"]
[White "saanvit"]
[Black "ScoutViolet"]
[Result "0-1"]
[ICCResult "White checkmated"]
[WhiteElo "1722"]
[BlackElo "1661"]
[Opening "Giuoco Pianissimo"]
[ECO "C50"]
[NIC "IG.02"]
[Time "21:01:39"]
[TimeControl "2700+10"]

1. e4 e5 2. Nf3 Nc6 3. Bc4 Bc5 4. d3 d6 5. h3 Nf6 6. Bg5 h6 7. Be3 Bxe3 8.
fxe3 Na5 9. Bb3 Nxb3 10. axb3 Be6 11. Nc3 a6 12. O-O O-O 13. Qe1 Qd7 14. Qh4
c5 15. d4 exd4 16. exd4 Qc7 17. Qg3 cxd4 18. Nxd4 Qe7 19. Rf2 Nh5 20. Qe3
Qh4 21. Nxe6 fxe6 22. Ne2 Rxf2 23. Qxf2 Qxe4 24. Rf1 Nf6 25. Nc3 Qc6 26. Qg3
Qc5+ 27. Kh1 Rf8 28. Rd1 e5 29. Qd3 Rd8 30. Na4 Qc7 31. c4 d5 32. Nc3 d4 33.
Ne2 e4 34. Qd2 d3 35. Nf4 Qb6 36. Qc3 Qd6 37. g3 g5 38. c5 Qc6 39. Ng6 e3+
40. Kg1 Qf3 41. Rxd3 Qxg3+ 42. Kh1 Qxh3+ 43. Kg1 Qg3+ 44. Kh1 Qf3+ 45. Kg1
Qf2+ 46. Kh1 Qf1+ 47. Kh2 Rxd3 48. Qc4+ Kg7 49. Ne5 Rd2+ 50. Kg3 Qg2#
{White checkmated}
0-1

[Event "ICC tourney 1983 (45 10)"]
[Site "Internet Chess Club"]
[Date "2020.08.29"]
[Round "5"]
[White "EsatERGIN"]
[Black "NonnaThat"]
[Result "1-0"]
[ICCResult "Black checkmated"]
[WhiteElo "2017"]
[BlackElo "1923"]
[Opening "Sicilian: Canal-Sokolsky (Nimzovich-Rossolimo, Moscow) attack"]
[ECO "B51"]
[NIC "SI.01"]
[Time "21:02:06"]
[TimeControl "2700+10"]

1. e4 c5 2. Nf3 d6 3. Bb5+ Nd7 4. c3 Nf6 5. Qe2 a6 6. Ba4 b5 7. Bc2 Bb7 8.
O-O g6 9. d4 Bg7 10. Rd1 O-O 11. Bg5 Qc7 12. a4 b4 13. Nbd2 bxc3 14. bxc3
cxd4 15. cxd4 Qxc2 16. Rdc1 Qb2 17. Rab1 Qa3 18. Nc4 Qxa4 19. Rxb7 Rac8 20.
e5 dxe5 21. dxe5 Nd5 22. e6 Nc5 23. exf7+ Rxf7 24. Nb6 Nxb6 25. Rxb6 Qg4 26.
Be3 Ne4 27. Rxc8+ Qxc8 28. Qxa6 Qd7 29. Rb8+ Rf8 30. Qc4+ e6 31. Rxf8+ Kxf8
32. g3 Qd1+ 33. Kg2 Qd5 34. Qb4+ Kf7 35. h4 h6 36. Qa4 Nf6 37. Qa7+ Nd7 38.
Bd4 Bf8 39. Qxd7+ Qxd7 40. Ne5+ Ke7 41. Bc5+ Qd6 42. Bxd6+ Kxd6 43. Nxg6 Bg7
44. Kf3 Bd4 45. Nf4 Ke5 46. Nd3+ Kf6 47. Ke4 Ba7 48. f3 Bg1 49. Kf4 Bd4 50.
Kg4 Kg6 51. Nf4+ Kf7 52. Kh5 Be3 53. Nd3 Kf6 54. f4 Kg7 55. Kg4 Kg6 56. Ne5+
Kg7 57. Kf3 Bb6 58. Ke4 h5 59. f5 exf5+ 60. Kxf5 Bf2 61. Kf4 Kf6 62. Nd7+
Kg6 63. Nf8+ Kf7 64. Nh7 Kg6 65. Ng5 Be1 66. Ne4 Ba5 67. Nf2 Bc7+ 68. Kf3
Bb8 69. Nd3 Bc7 70. Nf4+ Kh6 71. Ke4 Bb8 72. Kf5 Bc7 73. Kf6 Bb8 74. Ne2 Bc7
75. Nd4 Bd8+ 76. Kf7 Bb6 77. Nf5+ Kh7 78. Kf6 Bd8+ 79. Kf7 Bb6 80. Nd6 Bf2
81. Ne4 Be1 82. Kf6 Kh6 83. Nd6 Bc3+ 84. Kf5 Be1 85. Ne4 Bb4 86. Kf6 Ba3 87.
Ng5 Bc1 88. Nf7+ Kh7 89. Nd6 Bb2+ 90. Kg5 Be5 91. Nf5 Kg8 92. Kxh5 Kf7 93.
Kg5 Ba1 94. g4 Bb2 95. Kh6 Bc3 96. g5 Ke6 97. Ng3 Kf7 98. Nh5 Kg8 99. Kg6
Kh8 100. Nf6 Bd2 101. h5 Bc1 102. Ne4 Ba3 103. Kf7 Bb2 104. g6 Bg7 105. Ng3
Bf8 106. Nf5 Bg7 107. Ke8 Bf8 108. Nh4 Bh6 109. Kf7 Bf8 110. Kf6 Bg7+ 111.
Kg5 Bd4 112. Nf5 Bb2 113. h6 Bc1+ 114. Kh5 Kg8 115. Ne7+ Kf8 116. g7+ Kxe7
117. g8=Q Bxh6 118. Kxh6 Kd6 119. Qg5 Kc7 120. Qf6 Kb7 121. Qd6 Ka8 122. Qd7
Kb8 123. Kg6 Ka8 124. Kf6 Kb8 125. Ke6 Ka8 126. Kd6 Kb8 127. Kc6 Ka8 128.
Qb7# {Black checkmated} 1-0